 Dungeon Crawl Stone Soup version 0.31.0-1-g2c135a0 (webtiles) character file.

Game seed: 13578977305061142829

714 Tommy the Cudgeller (level 7, -5/72 HPs)
             Began as an Oni Gladiator on Mar 3, 2024.
             Was an Initiate of Gozag.
             Slain by Duvessa
             ... wielding a +0 rapier
              (11 damage)
             ... on level 4 of the Dungeon.
             The game lasted 00:04:57 (3222 turns).

Tommy the Cudgeller (Oni Gladiator)                 Turns: 3222, Time: 00:04:58

Health: -5/72      AC:  3    Str: 21    XL:     7   Next: 69%
Magic:  7/7        EV: 11    Int:  9    God:    Gozag
Gold:   383        SH:  0    Dex: 10    Spells: 6/6 levels left

rFire   . . .        a - +0 flail
rCold   . . .        (no shield)
rNeg    . . .        b - +0 robe
rPois   .            c - +0 hat
rElec   .            (no cloak)
rCorr   .            (gloves unavailable)
SInv    .            (boots unavailable)
Will    .....        (no amulet)
Stlth   ++           (no ring)
HPRegen 0.32/turn    (no ring)
MPRegen 0.10/turn

%: no passive effects
@: no status effects
A: large, unfitting armour, horns 1, tough skin 1, double potion healing,
drunken brawling
a: Renounce Religion, Potion Petition, Call Merchant, Bribe Branch


You were on level 4 of the Dungeon.
You worshipped Gozag.
Gozag was aware of your devotion.
You visited 1 branch of the dungeon, and saw 4 of its levels.

You collected 430 gold pieces.
You paid 47 gold pieces to Gozag.

Inventory:

Hand Weapons
 a - a +0 flail (weapon)
Missiles
 e - a large rock
Armour
 b - a +0 robe (worn)
 c - a +0 hat (worn)
Scrolls
 f - 4 scrolls of revelation {unknown}
 h - a scroll of brand weapon {unknown}
 i - 2 scrolls of enchant armour {unknown}
 j - 3 scrolls of identify {unknown}
 l - a scroll of amnesia {unknown}
 m - 3 scrolls of immolation {unknown}
 n - a scroll of blinking {unknown}
 p - a scroll of poison {unknown}
 q - 2 scrolls of teleportation {unknown}
Potions
 k - a potion of might
 o - a potion of curing {unknown}


   Skills:
 + Level 5.0 Fighting
 + Level 6.3 Maces & Flails
 + Level 2.4 Throwing
 + Level 4.6 Dodging
 + Level 1.5 Stealth


You had 6 spell levels left.
You didn't know any spells.
Your spell library contained the following spells:

 Spells                   Type           Power      Damage    Failure   Level
 Sandblast                Erth           0%         2d4       38%         1
 Jinxbite                 Hex            0%         N/A       52%         2
 Sublimation of Blood     Necr           0%         N/A       52%         2
 Passwall                 Erth           0%         N/A       77%         3
 Stone Arrow              Conj/Erth      0%         3d7       77%         3
 Brom's Barrelling Bould  Conj/Erth      0%         2d3       99%         4
 Petrify                  Alch/Erth      0%         N/A       99%         4
 Irradiate                Conj/Alch      0%         3d11      100%        5
 Yara's Violent Unravell  Hex/Alch       0%         3d3       100%        5
 Enfeeble                 Hex            0%         N/A       100%        7


Dungeon Overview and Level Annotations

Branches:
Dungeon (4/15)             Temple (0/1) D:4

Altars:
Cheibriados
Gozag

Shops:
D:1 (

Annotations:
D:4 Duvessa


Innate Abilities, Weirdness & Mutations

You are too large for most types of armour.
You have a pair of small horns on your head.
You have tough skin. (AC +1)
You gain doubled healing and magic from potions.
Whenever you drink a healing potion, you attack all around you.


Message History

You are too injured to fight recklessly!
You are too injured to fight recklessly!
You take a swig of the potion and twirl your +0 flail.
You barely miss Duvessa.
Duvessa is lightly wounded.
You savour every drop.
You feel much better. Duvessa hits you with a +0 rapier!
Duvessa closely misses you.
You hit Duvessa. You headbutt Duvessa, but do no damage.
Duvessa is lightly wounded.
Duvessa barely misses you.
You barely miss Duvessa. You headbutt Duvessa.
Duvessa is moderately wounded.
Duvessa hits you with a +0 rapier! Duvessa hits you with a +0 rapier!!
You are too injured to fight recklessly!
You are too injured to fight recklessly!
Throw: throwing net
Press: ? - help, Shift-Dir - straight line, f - Duvessa
Aim: Duvessa, wielding a +0 rapier and wearing a +0 ring mail (moderately wounded, berserk, 64% to hit)
You throw a throwing net. The throwing net hits Duvessa.
Duvessa is caught in the net!
Duvessa is moderately wounded.
Duvessa struggles against the net.
You hit Duvessa but do no damage.
Duvessa is moderately wounded.
Duvessa struggles against the net. x2
The net rips apart, and Duvessa comes free!
You hit Duvessa but do no damage. Your headbutt misses Duvessa.
Duvessa is moderately wounded.
Duvessa hits you with a +0 rapier!
* * * LOW HITPOINT WARNING * * *
You thump Duvessa! Your headbutt misses Duvessa.
Duvessa is moderately wounded.
Duvessa barely misses you. Duvessa hits you with a +0 rapier!
* * * LOW HITPOINT WARNING * * *
Okay, then.
You thump Duvessa! You headbutt Duvessa.
Duvessa is severely wounded.
Duvessa hits you with a +0 rapier!
You die...
Your body crumbles into a pile of gold.

##.# ##.........#.........
#.##...##.##.............
####....# #.##..###....#...
#####..#..######.###..########.#
##...............!####.# #.#
...###.#...######...# >. #.#
.......###.# ##.#.###.# #.#
######## #....##..#..##.# #..
#......@....... ##.
#......e..##..# #. #..>......#
.... #. #........... ..# #.
#............ #.
#.........#...#########.
#########...#.#.....##..
.....#..#..#... #.#.)#...#


You could see Duvessa (berserk).

Vanquished Creatures
  Grinder (D:4)
  Sigmund (D:2)
  A sky beast (D:4)
  Blork the orc (D:4)
  Dowan (D:4)
  An orc wizard (D:4)
  5 adders
  A river rat (D:4)
  2 dart slugs
  8 orcs
  8 bats
  5 endoplasms
  3 giant cockroaches
  9 goblins
  6 hobgoblins
  A quokka (D:3)
  13 ball pythons
  2 frilled lizards
  7 rats
76 creatures vanquished.

Notes
Turn   | Place    | Note
-------+----------+-------------------------------------------
     0 | D:1      | Tommy the Oni Gladiator began the quest for the Orb.
     0 | D:1      | Reached XP level 1. HP: 22/22 MP: 1/1
    75 | D:1      | Found Moonn's Antique Weapon Shoppe.
   219 | D:1      | Reached XP level 2. HP: 28/29 MP: 2/2
   425 | D:1      | You fall into a shaft and drop 1 floor!
   442 | D:2      | Reached XP level 3. HP: 26/36 MP: 3/3
  1011 | D:2      | Noticed Sigmund
  1012 | D:2      | Found a faded altar of an unknown god.
  1053 | D:2      | Killed Sigmund
  1054 | D:2      | Reached skill level 4 in Maces & Flails
  1054 | D:2      | Reached XP level 4. HP: 37/48 MP: 4/4
  1054 | D:2      | Reached XP level 5. HP: 41/54 MP: 5/5
  1218 | D:3      | Found an opulent altar of Gozag.
  1276 | D:3      | Became a worshipper of Gozag Ym Sagoz the Greedy
  1609 | D:3      | Found a snail-covered altar of Cheibriados.
  1630 | D:3      | Reached XP level 6. HP: 59/62 MP: 6/6
  2396 | D:4      | Reached skill level 5 in Maces & Flails
  2507 | D:4      | Noticed Blork the orc
  2517 | D:4      | Killed Blork the orc
  2610 | D:4      | Found a staircase to the Ecumenical Temple.
  2635 | D:4      | Noticed Dowan
  2660 | D:4      | Noticed Grinder
  2681 | D:4      | Killed Grinder
  2682 | D:4      | Reached skill level 1 in Stealth
  2682 | D:4      | Reached XP level 7. HP: 41/71 MP: 7/7
  2703 | D:4      | Reached skill level 6 in Maces & Flails
  3203 | D:4      | Noticed Duvessa
  3211 | D:4      | Killed Dowan
  3212 | D:4      | Reached skill level 5 in Fighting
  3222 | D:4      | Slain by Duvessa

Illustrated notes

Levels and vault maps discovered:
D:1:      enne_arrival_octagon_isle, layout_basic, serial_shops,
          nicolae_shop_stone
D:2:      minmay_door_path, layout_loops_ring, chequers_ecumenical_altar_simple,
          minmay_misc_feat_diagonals, chequers_serial_rivers_micro_c,
          uniq_sigmund
D:3:      wad_crossroads, layout_loops_corners,
          mainiacjoe_overflow_tiny_flanked, nicolae_gozag_seed_capital
D:4:      layout_rooms, nicolae_qazlal_beasts_of_the_sky, temple_doors_cd,
          portal_sewer_entry_e, hangedman_abyss_or_decor_jellyfish_corner,
          uniq_grinder, uniq_blork_the_orc, uniq_duvessa

Skill      XL: |  1  2  3  4  5  6  7 |
---------------+----------------------+-----
Dodging        | 3 4 |  4.6
Fighting       | 3 4 5 |  5.0
Maces & Flails | 4 5 6 |  6.3
Stealth        | 1 |  1.5
Throwing       | |  2.4

Action                     |  1- 3 |  4- 6 |  7- 9 || total
---------------------------+-------+-------+-------++-------
  Melee: Flail             |   103 |    90 |    64 ||   257
         Headbutt          |    11 |    11 |    12 ||    34
         Punch             |       |     3 |     1 ||     4
  Throw: Throwing net      |     3 |     3 |     3 ||     9
    Use: Potion            |     4 |       |     1 ||     5
   Stab: Held in net/web   |       |     2 |       ||     2
         Sleeping          |       |     1 |       ||     1
 Armour: Robe              |    96 |    35 |    55 ||   186
  Dodge: Dodged            |    73 |    51 |    24 ||   148
